 Dungeon Crawl Stone Soup version 0.25.1-2-g60ff931df9 (webtiles) character file.

Game seed: 16000573997021216832

255 Almogavar the Slasher (level 5, 0/46 HPs)
             Began as a Draconian Fighter on Aug 28, 2020.
             Slain by a hobgoblin (5 damage)
             ... led by Robin
             ... on level 2 of the Dungeon.
             The game lasted 00:07:24 (2347 turns).

Almogavar the Slasher (Draconian Fighter)           Turns: 2347, Time: 00:07:25

Health: 0/46       AC:  5    Str: 20    XL:     5   Next: 91%
Magic:  5/5        EV: 11    Int:  8    God:
Gold:   21         SH:  9    Dex: 10    Spells: 5/5 levels left

rFire    . . .     SeeInvis +   a - +0 long sword
rCold    . . .     Gourm    .   b - +0 kite shield
rNeg     . . .     Faith    .   (armour unavailable)
rPois    .         Spirit   .   (helmet restricted)
rElec    .         Reflect  .   (no cloak)
rCorr    .         Harm     .   (no gloves)
MR       .....                  (no boots)
Stlth    +.........             (no amulet)
HPRegen  0.15/turn              e - ring of wizardry
MPRegen  0.09/turn              h - ring of see invisible

@: mighty
A: unfitting armour, cold-blooded, AC +5
a: no special abilities


You were on level 2 of the Dungeon.
You were not hungry.

You visited 1 branch of the dungeon, and saw 3 of its levels.

You collected 21 gold pieces.

Inventory:

Hand Weapons
 a - a +0 long sword (weapon)
Armour
 b - a +0 kite shield (worn)
Jewellery
 e - a ring of wizardry (left hand)
 h - a ring of see invisible (right hand)
Scrolls
 f - 2 scrolls of immolation {unknown}
Potions
 i - a potion of curing
Comestibles
 d - 5 rations
 g - 5 chunks of flesh


   Skills:
 + Level 4.1 Fighting
 + Level 4.4 Long Blades
 + Level 3.6 Dodging
 + Level 0.2 Stealth
 + Level 3.8 Shields
 * Level 0.5 Spellcasting


You had 5 spell levels left.
You didn't know any spells.
Your spell library was empty.

Dungeon Overview and Level Annotations

Branches:
Dungeon (3/15)

Altars:

Annotations:
D:2 Terence
D:3 Grinder, Robin


Innate Abilities, Weirdness & Mutations

Your plain brown scales are hard. (AC +5)
You cannot fit into any form of body armour.
You are cold-blooded and may be slowed by cold attacks.


Message History

You can move again.
You climb upwards.
There is a stone staircase leading down here.
It was a potion of curing.
You feel better. The goblin hits you.
* * * LOW HITPOINT WARNING * * *
The hobgoblin barely misses you. Terence misses you.
You riposte.
You hit Terence but do no damage.
Okay, then.
You hit Terence but do no damage. You block the goblin's attack.
The hobgoblin hits you but does no damage.
Terence closely misses you.
You feel very mighty all of a sudden. You block the goblin's attack.
The hobgoblin closely misses you. Terence hits you but does no damage.
You hit Terence.
Terence is moderately wounded.
The goblin hits you.
* * * LOW HITPOINT WARNING * * *
The hobgoblin hits you.
You die...

#.##.####....(..#####...# #.#.
#............(### #...# #..#
####.####.....# #...# #.#.
####.## ##...## #...# #...
......#####.## #...# ####
............#########...#########
......#..........................
.........#.....).@...............
......#..#.##..g@g.............#.
......#..#....#######...######.#.
...........#..# ###..........#.
#######....#..# #.......###....
####.......# #.#...#.###.##.
#.......#.## #.#....[.##.##.
#.#####.#.# #.#...#..##.##.
#.##......# #.#...#..##)##.
####.##.##.### #..........<##.


You could see Terence, a hobgoblin (strong) and a goblin (strong).

Vanquished Creatures
  Sigmund (D:2)
  A gnoll (D:1)
  An adder (D:2)
  An ooze (D:2)
  2 dart slugs (D:1)
  5 leopard geckos
  2 giant cockroaches (D:1)
  13 goblins
  3 hobgoblins (D:1)
  4 jackals (D:2)
  6 bats
  2 frilled lizards
  12 kobolds
  3 rats
  A plant (D:2)
57 creatures vanquished.

Vanquished Creatures (others)
  A plant (D:2)
1 creature vanquished.

Grand Total: 58 creatures vanquished

Notes
Turn   | Place    | Note
-------+----------+-------------------------------------------
     0 | D:1      | Almogavar the Draconian Fighter began the quest for the
                  | Orb.
     0 | D:1      | Reached XP level 1. HP: 19/19 MP: 1/1
   226 | D:1      | Reached XP level 2. HP: 26/26 MP: 2/2
   412 | D:1      | Reached XP level 3. HP: 16/33 MP: 3/3
   944 | D:2      | Noticed Sigmund
   972 | D:2      | HP: 1/33 [something (1)]
  1288 | D:2      | Killed Sigmund
  1288 | D:2      | Reached XP level 4. HP: 21/40 MP: 4/4
  1288 | D:2      | Reached XP level 5. HP: 25/46 MP: 5/5
  2280 | D:3      | Noticed Robin
  2301 | D:3      | Noticed Terence
  2336 | D:3      | Noticed Grinder
  2337 | D:3      | Paralysed by Grinder for 6 turns
  2347 | D:2      | Slain by a hobgoblin

Illustrated notes

Levels and vault maps discovered:
D:1:      co_arrival_square_in_a_square_in_a_square, layout_basic
D:2:      layout_loops_cross, lexackson_kobold_supper, uniq_sigmund
D:3:      layout_loops_ring, overflow_temple_1_default, chequers_jeans,
          minmay_misc_feat_rows, grunt_ministairs_1, uniq_robin, uniq_natasha,
          uniq_grinder, uniq_terence

Skill      XL: |  1  2  3 |
---------------+----------+-----
Dodging        | 3 |  3.6
Fighting       | 4 |  4.1
Long Blades    | 4 |  4.4
Stealth        | |  0.2
Shields        | |  3.8
Spellcasting   | |  0.5

Action                   |  1- 3 |  4- 6 || total
-------------------------+-------+-------++-------
Melee: Long sword        |    89 |   101 ||   190
       Tailslap          |     9 |    13 ||    22
  Use: Scroll            |     2 |       ||     2
       Potion            |       |     2 ||     2
 Stab: Sleeping          |       |     1 ||     1
  Eat: Ration            |     1 |       ||     1
       Chunk             |       |     2 ||     2
Armor: Skin              |    32 |    45 ||    77
Dodge: Dodged            |    62 |    53 ||   115
Block: Kite shield       |    42 |    52 ||    94
       Rpst.: Long sword |    13 |    15 ||    28
